 Dungeon Crawl Stone Soup version 0.24.0-123-gd5b16e6ec5 (webtiles) character file.

Game seed: 381299881916010594, levelgen mode: deterministic

23 Bergy the Cudgeler (level 3, -1/29 HPs)
             Began as a Ghoul Gladiator on Dec 29, 2019.
             Slain by a hobgoblin
             ... wielding a +0 club
              (2 damage)
             ... on level 2 of the Dungeon.
             The game lasted 00:02:43 (911 turns).

Bergy the Cudgeler (Ghoul Gladiator)                 Turns: 911, Time: 00:02:43

Health: -1/29      AC:  4    Str: 18    XL:     3   Next: 0%
Magic:  2/2        EV: 11    Int:  3    God:
Gold:   41         SH:  3    Dex: 10    Spells: 2/2 levels left

rFire    . . .     SeeInvis .   a - +0 flail
rCold    + . .     Gourm    .   e - +0 buckler
rNeg     + + +     Faith    .   b - +0 leather armour
rPois    ∞         Spirit   .   c - +0 helmet
rElec    .         Reflect  .   (no cloak)
rCorr    .         Harm     .   (no gloves)
MR       .....                  (no boots)
Stlth    +.........             (no amulet)
HPRegen  0.00/turn              (no ring)
MPRegen  0.08/turn              (no ring)

@: rotting
A: rotting body, claws 1, carnivore, cold resistance 1, negative energy
resistance 3, inhibited regeneration, torment resistance, unbreathing
a: no special abilities


You were on level 2 of the Dungeon.
You were not hungry.

You visited 1 branch of the dungeon, and saw 2 of its levels.

You collected 41 gold pieces.

Inventory:

Hand Weapons
 a - a +0 flail (weapon)
Missiles
 d - 3 throwing nets (quivered)
Armour
 b - a +0 leather armour (worn)
 c - a +0 helmet (worn)
 e - a +0 buckler (worn)
 i - a +1 leather armour of cold resistance
Scrolls
 g - 2 scrolls of magic mapping {unknown}
 j - 2 scrolls of teleportation {unknown}
 k - a scroll of noise {unknown}
Comestibles
 f - 2 rations
 h - 2 chunks of flesh


   Skills:
 - Level 2.1 Fighting
 * Level 3.7 Maces & Flails
 - Level 1.7 Throwing
 - Level 2.6 Dodging


You had 2 spell levels left.
You didn't know any spells.
Your spell library was empty.

Dungeon Overview and Level Annotations

Branches:
Dungeon (2/15)

Altars:

Annotations:
D:2 Natasha


Innate Abilities, Weirdness & Mutations

Your body is rotting away.
You thrive on raw meat.
You are immune to poison.
You have sharp fingernails.
You are carnivorous and can eat meat at any time.
Your flesh is cold resistant. (rC+)
You are immune to negative energy. (rN+++)
You do not regenerate when monsters are visible.
You are immune to unholy pain and torment.
You can survive without breathing.


Message History

* * * LOW HITPOINT WARNING * * *
The crimson imp disappears in a puff of smoke!
The bat misses you.
Natasha wildly gestures.
You feel disoriented.
The crimson imp grins evilly.
The crimson imp hits you.
* * * LOW HITPOINT WARNING * * *
The crimson imp blinks!
You feel yourself speed up.
The crimson imp disappears in a puff of smoke!
The bat barely misses you.
Natasha mumbles some strange words.
A dart slug comes into view.
Natasha closely misses you.
You closely miss Natasha. Natasha misses you.
The hobgoblin hits you but does no damage.
You barely miss Natasha.
Natasha mumbles some strange words.
The hobgoblin hits you with a +0 club.
You die...

#.......#
#.......# ....
...§...# ....
.§§...##### .....
§....##..# .....
#§.......##...<..
#.####...$#......
#.##....#........
#@#.h....<.$.....
#hgb#.##.#>......
##.##.##......##.
..5...####.......
......#.. .......
........#.#
#......
.......w...
......
...........
...... ..........
....


You could see an iron imp, Natasha, a dart slug, a hobgoblin and a bat.

Vanquished Creatures
  2 dart slugs (D:1)
  A giant cockroach (D:1)
  2 goblins (D:1)
  2 hobgoblins
  A jackal (D:1)
  2 bats (D:1)
  2 frilled lizards (D:1)
  4 kobolds (D:1)
  4 rats (D:1)
20 creatures vanquished.

Vanquished Creatures (others)
  5 toadstools (D:1)
5 creatures vanquished.

Grand Total: 25 creatures vanquished

Notes
Turn   | Place    | Note
-------+----------+-------------------------------------------
     0 | D:1      | Bergy the Ghoul Gladiator began the quest for the Orb.
     0 | D:1      | Reached XP level 1. HP: 17/17 MP: 0/0
   228 | D:1      | Reached skill level 3 in Maces & Flails
   425 | D:1      | Reached XP level 2. HP: 17/24 MP: 1/1
   890 | D:2      | Noticed Natasha
   894 | D:2      | Noticed a crimson imp
   901 | D:2      | Noticed a crimson imp
   903 | D:2      | Reached XP level 3. HP: 14/29 MP: 2/2
   908 | D:2      | HP: 1/29 [crimson imp[Natasha] (4)]
   911 | D:2      | Slain by a hobgoblin

Levels and vault maps discovered:
D:1:      ldierk_walled_garden, layout_loops_ring
D:2:      layout_rooms, marbit_many_paths, uniq_terence, uniq_natasha

Skill      XL: |  1 |
---------------+----+-----
Maces & Flails | 3 |  3.7
Fighting       | |  2.1
Throwing       | |  1.7
Dodging        | |  2.6

Action                   || total
-------------------------++-------
Melee: Flail             ||    65
  Eat: Chunk             ||     3
Armor: Leather armour    ||    33
Dodge: Dodged            ||    36
Block: Buckler           ||     9
